 Dungeon Crawl Stone Soup version 0.31-a0-175-g9f7f995f2b (webtiles) character file.

Game seed: 12345398879871225786

70 qw the Shooter (level 4, -2/40 HPs)
             Began as a Naga Hunter on June 17, 2023.
             Slain by a hobgoblin (3 damage)
             ... on level 2 of the Dungeon.
             The game lasted 00:00:25 (1433 turns).

qw the Shooter (Naga Hunter)                        Turns: 1433, Time: 00:00:25

Health: -2/40      AC:  2    Str: 14    XL:     4   Next: 22%
Magic:  4/4        EV:  9    Int:  9    God:
Gold:   62         SH:  0    Dex: 16    Spells: 3/3 levels left

rFire   . . .        Y - +0 shortbow
rCold   . . .        (shield currently unavailable)
rNeg    . . .        c - +0 leather armour
rPois   +            (no helmet)
rElec   .            (no cloak)
rCorr   .            (no gloves)
SInv    +            (no barding)
Will    .....        (no amulet)
Stlth   ++           (no ring)
HPRegen 0.26/turn    (no ring)
MPRegen 0.09/turn

%: no passive effects
@: about to teleport, short of breath, very slow
A: AC +1, large, see invisible, deformed body, poison resistance, slowness 2,
spit poison 1, naga tail 1
a: Spit Poison


You were on level 2 of the Dungeon.
You visited 1 branch of the dungeon, and saw 2 of its levels.

You collected 62 gold pieces.


Innate Abilities, Weirdness & Mutations

Your serpentine skin is tough. (AC +1)
You have supernaturally acute eyesight. (SInv)
Armour fits poorly on your strangely shaped body.
Your system is resistant to poisons. (rPois)
You cover ground very slowly.
You can spit poison.
You have a snake-like lower body.


   Skills:
 + Level 2.3 Fighting
 - Level 5.0 Ranged Weapons
 - Level 1.5 Dodging
 - Level 1.5 Stealth


You had 3 spell levels left.
You didn't know any spells.
Your spell library was empty.

Inventory:

Hand Weapons
 Y - a +0 shortbow (weapon)
Armour
 c - a +0 leather armour (worn)
 f - a +0 pair of gloves
Scrolls
 a - 4 scrolls of amnesia {unknown}
 h - a scroll of identify {unknown}
Potions
 b - a potion of magic {unknown}
 e - a potion of resistance {unknown}
 g - a potion of enlightenment {unknown}

Dungeon Overview and Level Annotations

Branches:
Dungeon (2/15)

Altars:
Qazlal


Message History

You shoot an arrow. The arrow closely misses the goblin.
You have got your breath back.
The hobgoblin hits you. The goblin hits you with a +0 dagger.
The hobgoblin hits you.
1426 ||| INVOKING Spit Poison.
Aiming: Spit Poison (1% risk of failure)
Press: ? - help, Shift-Dir - straight line, f/p - goblin The splash of poison hits the goblin!
The goblin is poisoned.
You kill the goblin!
The hobgoblin barely misses you.
You shoot an arrow. The arrow hits the hobgoblin.
The hobgoblin is severely wounded.
The goblin unwields a +0 dagger.
The goblin wields a +0 sling.
The goblin shoots a sling bullet.
The sling bullet hits you. The hobgoblin barely misses you. x2
You shoot an arrow. The arrow closely misses the hobgoblin.
The hobgoblin hits you. x2; The goblin hits you but does no damage.
You shoot an arrow. The arrow closely misses the hobgoblin.
The hobgoblin hits you. The hobgoblin closely misses you.
The goblin barely misses you.
You shoot an arrow. The arrow closely misses the hobgoblin.
The hobgoblin hits you but does no damage. x2
The goblin hits you with a +0 dagger.
1431 ||| READING scroll of teleportation.
As you read the scroll of teleportation, it crumbles to dust.
You feel strangely unstable.
You have got your breath back.
The hobgoblin hits you.
The hobgoblin hits you but does no damage.
The goblin hits you but does no damage.
1432 ||| INVOKING Spit Poison.
Aiming: Spit Poison (1% risk of failure)
Press: ? - help, Shift-Dir - straight line, f/p - hobgoblin The splash of poison hits the hobgoblin.
You kill the hobgoblin!
The hobgoblin hits you. The goblin hits you with a +0 dagger.
You shoot an arrow. The arrow misses the goblin.
The arrow hits the goblin!
You kill the goblin!
The hobgoblin hits you.
You die...

# ####...... # #....##
# ####.# # #.## # # ##
#... ##. #. .## #.## #
#.. ##' ###..# #.# #
#.# #...#g##.#### #.#
# #.# +..)g@.'....#
##.## # #.##
#...#)##....######...#
#######..####'
###.........>.....
...........#.
#.......######...#
#######.##.##
##.......# #..#) #
#.##..###.%###.###
#...## # #.###.....##
.# #.#.# # #.# #######
.# #...# ... .# ##..#


You could see a hobgoblin and a goblin.

Vanquished Creatures
  2 adders (D:2)
  A worm (D:2)
  3 dart slugs
  3 bats (D:1)
  2 endoplasms (D:1)
  2 giant cockroaches (D:2)
  9 goblins
  6 hobgoblins
  3 kobolds
  3 ball pythons
  2 frilled lizards
  4 rats
40 creatures vanquished.

Notes
Turn   | Place    | Note
-------+----------+-------------------------------------------
     0 | D:1      | qw the Naga Hunter began the quest for the Orb.
     0 | D:1      | Reached XP level 1. HP: 19/19 MP: 1/1
     0 | D:1      | 0 ||| qw: Version: 0.3-a-2-g5ab2908
     0 | D:1      | 0 ||| qw: Game counter: 125
     0 | D:1      | 0 ||| qw: Always use a shield: true
     0 | D:1      | 0 ||| qw: God list: Okawaru
     0 | D:1      | 0 ||| qw: Allow faded altars: false
     0 | D:1      | 0 ||| qw: Do Orc after D:15 true
     0 | D:1      | 0 ||| qw: Do second Lair branch before Depths: true
     0 | D:1      | 0 ||| qw: Lair rune preference: random
     0 | D:1      | 0 ||| qw: Plans: Normal
     0 | D:1      | 0 ||| PLANNING D:1-11
     1 | D:1      | Found a stormy altar of Qazlal.
    37 | D:1      | 37 ||| INVOKING Spit Poison.
    47 | D:1      | 47 ||| INVOKING Spit Poison.
    52 | D:1      | 52 ||| INVOKING Spit Poison.
    58 | D:1      | 58 ||| INVOKING Spit Poison.
   197 | D:1      | 197 ||| INVOKING Spit Poison.
   213 | D:1      | Reached skill level 4 in Ranged Weapons
   213 | D:1      | Reached XP level 2. HP: 26/26 MP: 2/2
   255 | D:1      | 255 ||| INVOKING Spit Poison.
   271 | D:1      | 271 ||| INVOKING Spit Poison.
   296 | D:1      | 296 ||| INVOKING Spit Poison.
   297 | D:1      | 297 ||| INVOKING Spit Poison.
   303 | D:1      | 303 ||| INVOKING Spit Poison.
   376 | D:1      | 376 ||| INVOKING Spit Poison.
   401 | D:1      | 401 ||| INVOKING Spit Poison.
   404 | D:1      | 404 ||| INVOKING Spit Poison.
   425 | D:1      | 425 ||| INVOKING Spit Poison.
   487 | D:1      | 487 ||| INVOKING Spit Poison.
   862 | D:1      | 862 ||| INVOKING Spit Poison.
  1006 | D:1      | 1006 ||| INVOKING Spit Poison.
  1078 | D:1      | 1078 ||| READING scroll labelled SIPNUTIARCH.
  1084 | D:1      | 1084 ||| DROPPING scroll of butterflies.
  1125 | D:2      | 1125 ||| INVOKING Spit Poison.
  1126 | D:2      | Reached XP level 3. HP: 32/32 MP: 3/3
  1131 | D:2      | 1131 ||| INVOKING Spit Poison.
  1166 | D:2      | 1166 ||| INVOKING Spit Poison.
  1176 | D:2      | 1176 ||| INVOKING Spit Poison.
  1181 | D:2      | 1181 ||| INVOKING Spit Poison.
  1189 | D:2      | 1189 ||| INVOKING Spit Poison.
  1234 | D:2      | Identified the +0 scale mail of Darkness {rCorr Str+3}
  1348 | D:2      | 1348 ||| INVOKING Spit Poison.
  1351 | D:2      | Reached skill level 5 in Ranged Weapons
  1370 | D:2      | 1370 ||| INVOKING Spit Poison.
  1371 | D:2      | Reached XP level 4. HP: 39/39 MP: 4/4
  1373 | D:2      | Identified the +7 dagger of the Lesser Evil {venom,
                  | *Corrode rC++ Str-5 Stlth+}
  1396 | D:2      | 1396 ||| INVOKING Spit Poison.
  1413 | D:2      | 1413 ||| INVOKING Spit Poison.
  1417 | D:2      | 1417 ||| INVOKING Spit Poison.
  1423 | D:2      | 1423 ||| INVOKING Spit Poison.
  1426 | D:2      | 1426 ||| INVOKING Spit Poison.
  1430 | D:2      | HP: 9/40 [goblin/+0 dagger (2)]
  1431 | D:2      | 1431 ||| READING scroll of teleportation.
  1432 | D:2      | 1432 ||| INVOKING Spit Poison.
  1432 | D:2      | HP: 4/40 [hobgoblin (2)]
  1432 | D:2      | HP: 1/40 [goblin/+0 dagger (3)]
  1433 | D:2      | Slain by a hobgoblin

Levels and vault maps discovered:
D:1:      sevenhm_arrival_forest_fort_small_6, layout_basic
D:2:      cheibrodos_greedy_goblins, layout_loops_corners,
          minmay_goblin_kobold_house

Skill      XL: |  1  2  3 |
---------------+----------+-----
Ranged Weapons | 4 5 |  5.0
Fighting       | |  2.3
Dodging        | |  1.5
Stealth        | |  1.5

Action                     |  1- 3 |  4- 6 || total
---------------------------+-------+-------++-------
   Fire: Shortbow          |    46 |    19 ||    65
Ability: Spit Poison       |    24 |     6 ||    30
    Use: Scroll            |     1 |     1 ||     2
 Armour: Leather armour    |     7 |     8 ||    15
  Dodge: Dodged            |    11 |    11 ||    22

Table legend:
 A = Non-vault XP
 B = Vault XP
 C = Vault XP percentage of total XP
 D = Non-vault monster count
 E = Vault monster count
 F = Vault count percentage of total count
                 A         B        C        D         E       F
            +---------+---------+-------+---------+---------+-------
      Total |      85 |      18 |  17.5 |      31 |       9 |  22.5
            +---------+---------+-------+---------+---------+-------
        D:1 |      33 |       0 |   0.0 |      18 |       0 |   0.0
        D:2 |      52 |      18 |  25.7 |      13 |       9 |  40.9
            +---------+---------+-------+---------+---------+-------
